 Dungeon Crawl Stone Soup version 0.31.0-32-g396128a36d (webtiles) character file.

Game seed: 15380893573074589893

3203 H0rd4k the Martial Artist (level 9, -5/88 HPs)
             Began as an Octopode Artificer on Mar 26, 2024.
             Was an Initiate of Gozag.
             Slain by an orc
             ... wielding a +0 war axe
              (7 damage)
             ... on level 7 of the Dungeon.
             The game lasted 00:10:20 (8716 turns).

H0rd4k the Martial Artist (Octopode Artificer)      Turns: 8716, Time: 00:10:20

Health: -5/88      AC: 24    Str: 11    XL:     9   Next: 96%
Magic:  9/9        EV:  2    Int: 24    God:    Gozag
Gold:   384        SH:  0    Dex: 12    Spells: 8/8 levels left

rFire   . .          .
                       - Unarmed
rCold   . . .        (no shield)
rNeg    . . .        (helmet currently unavailable)
rPois   +            q - amulet of the acrobat
rElec   .            p - +6 ring of intelligence
rCorr   .            (no ring)
SInv    .            (no ring)
Will    .....        (no ring)
Stlth   ++           (no ring)
HPRegen 0.34/turn    (no ring)
MPRegen 0.11/turn    (no ring)
                     (no ring)

%: acrobat
@: mighty, brilliant, tree-form, gold aura
A: stationary, stasis, torment immunity, boosted hp, almost no armour,
(amphibious), 8 rings, (camouflage 1), (gelatinous body 1), (nimble swimmer 1),
(tentacles)
a: Renounce Religion, Potion Petition, Call Merchant, Bribe Branch


You were on level 7 of the Dungeon.
You worshipped Gozag.
Gozag was aware of your devotion.
You were a tree.
You visited 2 branches of the dungeon, and saw 8 of its levels.
You also visited: Sewer.

You collected 510 gold pieces.
You paid 126 gold pieces to Gozag.

Inventory:

Hand Weapons
 x - a +2 dagger of electrocution
Missiles
 j - 11 poisoned darts
 y - 2 throwing nets
Armour
 I - a +1 hat
Magical Staves
 b - a staff of fire
 l - a staff of air
Jewellery
 p - a +6 ring of intelligence (left branch)
 q - an amulet of the acrobat (around neck)
Talismans
 A - a maw talisman
Wands
 c - a wand of charming (7)
 s - a wand of polymorph (11)
 B - a wand of paralysis (2)
 D - a wand of quicksilver (9)
Scrolls
 a - a scroll of noise {unknown}
 d - a scroll of summoning {unknown}
 e - 4 scrolls of blinking {unknown}
 g - a scroll of revelation {unknown}
 h - 2 scrolls of poison {unknown}
 m - 5 scrolls of teleportation {unknown}
 o - a scroll of identify {unknown}
 t - 2 scrolls of amnesia {unknown}
 C - 2 scrolls of enchant armour {unknown}
 E - 2 scrolls of fog {unknown}
 G - a scroll of silence
Potions
 f - a potion of haste {unknown}
 i - a potion of invisibility {unknown}
 k - a potion of might
 n - 2 potions of lignification
 r - 2 potions of brilliance
 u - 2 potions of attraction {unknown}
 v - 3 potions of magic {unknown}
 w - a potion of heal wounds {unknown}
 z - 2 potions of enlightenment {unknown}
 F - 2 potions of mutation {unknown}
 H - a potion of curing {unknown}


   Skills:
 + Level 4.6 Fighting
 - Level 2.3 Dodging
 - Level 1.3 Stealth
 + Level 12.7 Unarmed Combat
 - Level 3.2 Evocations


You had 8 spell levels left.
You didn't know any spells.
Your spell library contained the following spells:

 Spells                   Type           Power      Damage    Failure   Level
 Magic Dart               Conj           0%         1d3       14%         1
 Blink                    Tloc           0%         N/A       22%         2
 Call Imp                 Summ           0%         N/A       22%         2
 Cause Fear               Hex            0%         N/A       82%         4
 Manifold Assault         Tloc           0%         N/A       82%         4
 Fireball                 Conj/Fire      0%         3d3       99%         5
 Dispersal                Tloc           0%         N/A       100%        6
 Disjunction              Tloc           0%         N/A       100%        8
 Dragon's Call            Summ           0%         N/A       100%        9


Dungeon Overview and Level Annotations

Branches:
Dungeon (7/15)             Temple (1/1) D:7           Sewer (visited)

Altars:
Ashenzari
Cheibriados
Dithmenos
Elyvilon
Gozag
Hepliaklqana
Makhleb
Nemelex Xobeh
Qazlal
Ru
Uskayaw
Vehumet
Wu Jian
Xom
Yredelemnul
Zin
The Shining One

Shops:
D:3 (*(   D:7 (

Annotations:
D:2 1 runed translucent door, exclusion: door, Crazy Yiuf
D:6 exclusion: downstairs


Innate Abilities, Weirdness & Mutations

You are a tree.
Your roots penetrate the ground, keeping you stationary.
You cannot be teleported.
You are immune to unholy pain and torment.
Your maximum health is greatly increased.
You cannot wear most types of armour.
((You are amphibious.))
You can wear up to eight rings at the same time.
((Your skin changes colour to match your surroundings (Stealth+).))
((Your rubbery body absorbs attacks. (AC +1, EV +1)))
((You are camouflaged when in or above water. (Stealth+)))
((You have tentacles for arms and can constrict up to eight enemies at once.))


Message History

The orc is no longer distracted by gold.
The killer bee stings you!
You are poisoned.
The killer bee poisons you! The killer bee closely misses you.
You tentacle-slap the killer bee. Your grab misses the killer bee.
Your squeeze misses the killer bee.
The killer bee is lightly wounded.
You feel sick. The killer bee stings you! The killer bee stings you.
You tentacle-slap the killer bee. Your grab misses the killer bee.
You tentacle-slap the killer bee, but do no damage.
Your squeeze misses the killer bee.
The killer bee is lightly wounded.
You feel sick. The killer bee closely misses you.
You bludgeon the killer bee! You grab the killer bee.
The killer bee is almost dead.
You constrict the killer bee, but do no damage.
You feel sick. The killer bee misses you. The killer bee stings you!
* * * LOW HITPOINT WARNING * * *
You tentacle-slap the killer bee but do no damage.
You tentacle-slap the killer bee, but do no damage.
The killer bee is almost dead.
You constrict the killer bee.
You feel sick. The killer bee stings you!
* * * LOW HITPOINT WARNING * * *
You bludgeon the killer bee!
You kill the killer bee!
* * * LOW HITPOINT WARNING * * *
You feel sick.
It was a potion of lignification.
You turn into a tree.
Your roots penetrate the ground.
* * * LOW HITPOINT WARNING * * *
You feel sick.
You are no longer poisoned.
It was a potion of might.
You feel very mighty all of a sudden.
It was a potion of brilliance.
You feel clever all of a sudden. The orc hits you but does no damage.
You barely miss the orc. The orc hits you with a +0 war axe!
You die...
Your body crumbles into a pile of gold.

#...#######.#.##.######
#...#.......#.##.#
####...#.#####.#....############
#.........####.###..#...........
#.##........##.###..#.####..####
##.##.##...#^##.>....#.####..#
.>....#..........##......##..#
##.##.#..........#####.#..<..#
.#.##......#.###♣#####.####..#
.#.......###..$o....##.. ..y#
.######### #..##.##.########.#
.# ######$.##.##.# #.. .#
#..............# ###y .#
y....###.##.##.# .# .# ..o.
#.......# # ### ..o #.#..##.#
..# .. #.#.###.#


You could see an orc.

Vanquished Creatures
  Pikel (D:5)
  Grinder (D:5)
  Sigmund (D:3)
  Menkaure (D:5)
  A water moccasin (D:7)
  An orc warrior (D:6)
  An ice beast (D:5)
  A centaur (D:7)
  2 phantoms
  A kobold brigand (D:7)
  A bullfrog (D:7)
  A scorpion (D:5)
  8 killer bees (D:7)
  2 bombardier beetles
  A howler monkey (D:6)
  A crimson imp (D:5)
  3 hounds
  2 jellies (D:4)
  3 orc priests (D:6)
  Ijyb (D:3)
  Terence (D:2)
  Natasha (twice) (D:3)
  5 iguanas
  5 orc wizards
  3 sleepcaps
  A hell rat (Sewer)
  Robin (D:2)
  3 gnolls (D:2)
  3 river rats (Sewer)
  7 adders
  A white imp (D:5)
  2 ufetubi (D:6)
  2 dart slugs
  2 ribbon worms
  15 orcs
  4 bats
  6 endoplasms
  6 giant cockroaches
  14 goblins
  14 hobgoblins
  8 jackals
  5 quokkas
  4 ball pythons
  5 frilled lizards
  12 kobolds
  18 rats
183 creatures vanquished.

Vanquished Creatures (collateral kills)
  2 killer bees (D:7)
  An orc priest (D:5)
  An adder (D:5)
  2 orcs (D:5)
  An endoplasm (D:4)
7 creatures vanquished.

Vanquished Creatures (others)
  A scorpion (D:5)
  A killer bee (D:7)
  An orc priest (D:6)
  An adder (D:5)
4 creatures vanquished.

Grand Total: 194 creatures vanquished

Notes
Turn   | Place    | Note
-------+----------+-------------------------------------------
     0 | D:1      | H0rd4k the Octopode Artificer began the quest for the Orb.
     0 | D:1      | Reached XP level 1. HP: 13/13 MP: 1/1
    76 | D:1      | Reached skill level 1 in Unarmed Combat
   109 | D:1      | Reached XP level 2. HP: 12/18 MP: 2/2
   292 | D:1      | Reached skill level 2 in Unarmed Combat
   550 | D:1      | Reached XP level 3. HP: 23/23 MP: 3/3
  1192 | D:2      | Noticed Robin
  1197 | D:2      | Killed Robin
  1198 | D:2      | Reached skill level 3 in Unarmed Combat
  1200 | D:2      | Reached XP level 4. HP: 25/29 MP: 4/4
  1414 | D:2      | Noticed Terence
  1425 | D:2      | Killed Terence
  1426 | D:2      | Reached skill level 4 in Unarmed Combat
  1426 | D:2      | Reached XP level 5. HP: 26/34 MP: 5/5
  1525 | D:2      | Found a runed translucent door.
  1526 | D:2      | Noticed Crazy Yiuf
  1872 | D:3      | Found Alafuity's Antique Weapon Emporium.
  2056 | D:3      | Found an ornate altar of the Wu Jian Council.
  2313 | D:3      | Noticed Ijyb
  2314 | D:3      | Noticed a great orb of eyes
  2348 | D:3      | Killed Ijyb
  2349 | D:3      | Reached skill level 5 in Unarmed Combat
  2405 | D:3      | Noticed Sigmund
  2407 | D:3      | Killed Sigmund
  2408 | D:3      | Reached skill level 6 in Unarmed Combat
  2408 | D:3      | Reached XP level 6. HP: 39/39 MP: 6/6
  2473 | D:3      | Found Rabap's Assorted Antiques.
  2586 | D:3      | Noticed Natasha
  2589 | D:3      | Killed Natasha
  2798 | D:3      | Noticed a great orb of eyes
  2809 | D:3      | Found a faded altar of an unknown god.
  2812 | D:3      | Noticed a shining eye
  2812 | D:3      | Noticed a shining eye
  2845 | D:3      | Noticed Natasha
  2851 | D:3      | Killed Natasha
  2852 | D:3      | Reached XP level 7. HP: 45/45 MP: 7/7
  2871 | D:3      | Found Huzil's Weapon Shoppe.
  3431 | D:3      | Identified the +2 ring mail of Death Resistance {Str+5}
  3471 | D:4      | Found a glowing drain.
  3477 | Sewer    | Entered a sewer
  3607 | D:4      | Reached skill level 7 in Unarmed Combat
  3609 | D:4      | HP: 2/45 [something (7)]
  3645 | D:4      | HP: 2/45 [something (3)]
  3795 | D:4      | Found a radiant altar of Vehumet.
  3913 | D:4      | Found a sparkling altar of Nemelex Xobeh.
  4741 | D:5      | Entered Level 5 of the Dungeon
  4819 | D:5      | Reached skill level 8 in Unarmed Combat
  4877 | D:5      | Noticed Grinder
  4889 | D:5      | Paralysed by Grinder for 4 turns
  4912 | D:5      | Reached XP level 8. HP: 26/51 MP: 8/8
  5096 | D:5      | Noticed Menkaure
  5100 | D:5      | Killed Menkaure
  5219 | D:5      | Found a shimmering altar of Xom.
  5220 | D:5      | Found a burning altar of Makhleb.
  5228 | D:5      | Reached skill level 9 in Unarmed Combat
  5359 | D:5      | Noticed Pikel
  5704 | D:5      | Killed Grinder
  5738 | D:5      | Killed Pikel
  5739 | D:5      | Reached skill level 10 in Unarmed Combat
  5739 | D:5      | Reached XP level 9. HP: 40/58 MP: 9/9
  6488 | D:6      | Reached skill level 11 in Unarmed Combat
  7135 | D:6      | Found a sacrificial altar of Ru.
  7135 | D:6      | Found a hazy altar of Hepliaklqana.
  7275 | D:6      | Found a basalt altar of Yredelemnul.
  7443 | D:7      | Found a shadowy altar of Dithmenos.
  7452 | D:7      | Found a staircase to the Ecumenical Temple.
  7465 | Temple   | Entered the Ecumenical Temple
  7475 | Temple   | Became a worshipper of Gozag Ym Sagoz the Greedy
  7727 | D:7      | Reached skill level 12 in Unarmed Combat
  8470 | D:7      | Found Lofruown's Weapon Boutique.
  8711 | D:7      | HP: 2/59 [killer bee (9)]
  8716 | D:7      | Slain by an orc

Illustrated notes

Levels and vault maps discovered:
D:1:      beargit_arrival_greenhouse, layout_loops_corners
D:2:      layout_basic, grunt_decor_fettered, nicolae_twisty_statue_hallways,
          uniq_robin, uniq_terence, uniq_crazy_yiuf_cottage
D:3:      layout_basic, mainiacjoe_overflow_chevrons, serial_shops, shop,
          shop_statue, shop, hellmonk_ecumenical_altar_watching_god,
          kennysheep_generic_room_10, uniq_sigmund, uniq_ijyb, uniq_natasha
D:4:      layout_gridville, nemelex_diamond_rough_becter, fiery_altar_vehumet,
          mainiacjoe_sewer_entry_somewhere_in_here_1
D:5:      layout_basic, grunt_temple_overflow_champion_of_chaos, uniq_menkaure,
          uniq_pikel, uniq_grinder
D:6:      layout_basic, nicolae_overflow_hidden_temple,
          gammafunk_temple_overflow_wave
D:7:      layout_loops_cross, grunt_temple_overflow_growth_and_decay,
          grunt_dithmenos_smoke, minmay_temple_entry_mini_moons, serial_shops,
          nicolae_square_shop, moated_statue
Temple:   nicolae_temple_godpark

Skill      XL: |  1  2  3  4  5  6  7  8  9 |
---------------+----------------------------+-----
Unarmed Combat | 1 2 3 4 6 8 10 12 | 12.7
Fighting       | 2 3 4 |  4.6
Dodging        | |  2.3
Stealth        | |  1.3
Evocations     | |  3.2

Action                     |  1- 3 |  4- 6 |  7- 9 || total
---------------------------+-------+-------+-------++-------
  Melee: Unarmed           |    84 |    79 |   270 ||   433
         Tentacles         |    21 |    18 |    62 ||   101
         Constrict         |    23 |    17 |    61 ||   101
         Punch             |     1 |     1 |    22 ||    24
  Evoke: Wand              |       |     5 |    28 ||    33
    Use: Potion            |       |       |     5 ||     5
         Scroll            |       |       |     1 ||     1
   Stab: Sleeping          |     9 |     7 |    12 ||    28
         Paralysed         |       |       |     6 ||     6
         Distracted        |       |       |     2 ||     2
 Armour: Skin              |    26 |    36 |   123 ||   185
  Dodge: Dodged            |    36 |    39 |   169 ||   244
